[ PARTIDA AOE2 · #495530930 ]
UnrankedGurjaras vs Maya
Equipo del jugador · DERR
Equipo rival · VICT
[ ANÁLISIS DE REPETICIÓN · EXTRAÍDO DE LA PARTIDA GRABADA ]
Feudal
9:42
Castillos
19:30
Imperial
27:03
| APM promedio | 49.4 |
| APM pico | 99 |
| eAPM promedio | 32.0 |
| Aldeanos / militares | 158 / 116 |
Foco
⚔️ 29.7% · 🌾 70.3%
Chakram Thrower ×27 · Hand Cannoneer ×24 · Elephant Archer ×20 · Scout Cavalry ×13 · Shrivamsha Rider ×12 · Skirmisher ×10
Feudal
9:19
Castillos
21:15
Imperial
30:12
| APM promedio | 44.9 |
| APM pico | 84 |
| eAPM promedio | 30.6 |
| Aldeanos / militares | 164 / 219 |
Foco
⚔️ 48.4% · 🌾 51.6%
Eagle Scout ×140 · Skirmisher ×51 · Archer ×13 · Spearman ×5 · Trebuchet (Packed) ×5 · Monk ×3
Mapa de la partida
Recursos iniciales + cada clic de construcción. Líneas = muros · curvas = relieve. ◆ oro · ⬟ piedra · ● bayas · ✦ reliquia · ◌ hueco del cierre
Tu base· ✓ Cerrada en 19:30 · 8t muro · 2 puerta(s)
Base de 空氣包· ✓ Cerrada en 21:15 · 0t muro · 3 puerta(s)
Terreno inicial suavizado · ◌ = hueco del cierre detectado · pasá el cursor para detalles
Inputs por minuto
— Richard Rahl - - 空氣包
Build order — Richard Rahl
Primeras 150 de 529 acciones detectadas
| 0:00 | Crear | Villager (Male) |
| 0:01 | Crear | Villager (Male) |
| 0:02 | Construir | House |
| 0:03 | Construir | House |
| 0:08 | Crear | Villager (Male) |
| 0:22 | Crear | Villager (Male) |
| 0:22 | Crear | Villager (Male) |
| 0:29 | Construir | Mill |
| 1:33 | Crear | Villager (Male) |
| 1:34 | Crear | Villager (Male) |
| 1:50 | Crear | Villager (Male) |
| 2:19 | Crear | Villager (Male) |
| 2:42 | Construir | House |
| 2:43 | Construir | House |
| 2:56 | Construir | House |
| 2:57 | Crear | Villager (Male) |
| 2:58 | Crear | Villager (Male) |
| 2:59 | Crear | Villager (Male) |
| 3:12 | Crear | Villager (Male) |
| 3:39 | Crear | Villager (Male) |
| 3:40 | Crear | Villager (Male) |
| 4:12 | Crear | Villager (Male) |
| 4:16 | Construir | Lumber Camp |
| 4:37 | Crear | Villager (Male) |
| 4:37 | Crear | Villager (Male) |
| 4:38 | Crear | Villager (Male) |
| 4:44 | Crear | Villager (Male) |
| 5:32 | Crear | Villager (Male) |
| 5:35 | Crear | Villager (Male) |
| 5:35 | Crear | Villager (Male) |
| 6:42 | Crear | Villager (Male) |
| 6:44 | Crear | Villager (Male) |
| 7:03 | Crear | Villager (Male) |
| 7:26 | Investigar | Feudal Age |
| 7:55 | Construir | Lumber Camp |
| 8:11 | Investigar | Loom |
| 8:32 | Construir | Mining Camp |
| 9:17 | Construir | House |
| 9:22 | Construir | House |
| 9:24 | Construir | House |
| 9:27 | Construir | House |
| 9:34 | Crear | Villager (Male) |
| 9:42 | Edad | Edad Feudal |
| 9:44 | Investigar | Double-Bit Axe |
| 10:01 | Construir | Watch Tower |
| 10:04 | Crear | Villager (Male) |
| 10:08 | Construir | Blacksmith |
| 10:29 | Crear | Villager (Male) |
| 10:46 | Crear | Villager (Male) |
| 11:05 | Construir | Watch Tower |
| 11:08 | Crear | Villager (Male) |
| 11:09 | Investigar | Fletching |
| 11:20 | Construir | Barracks |
| 11:32 | Crear | Villager (Male) |
| 11:39 | Crear | Villager (Male) |
| 12:02 | Crear | Villager (Male) |
| 12:20 | Construir | Mining Camp |
| 12:41 | Crear | Villager (Male) |
| 12:47 | Construir | Stone Wall |
| 12:49 | Crear | Villager (Male) |
| 13:11 | Construir | Archery Range |
| 13:13 | Construir | House |
| 13:18 | Crear | Villager (Male) |
| 13:31 | Construir | Watch Tower |
| 13:33 | Crear | Villager (Male) |
| 13:41 | Crear | Villager (Male) |
| 14:06 | Crear | Villager (Male) |
| 14:24 | Crear | Villager (Male) |
| 14:55 | Construir | Farm |
| 14:55 | Construir | Farm |
| 14:56 | Construir | Farm |
| 14:59 | Construir | Farm |
| 15:31 | Construir | Farm |
| 15:32 | Construir | Farm |
| 16:14 | Crear | Villager (Male) |
| 16:27 | Construir | Stone Wall |
| 16:38 | Construir | Stone Wall |
| 16:38 | Construir | Stone Wall |
| 16:42 | Construir | Stone Wall |
| 16:50 | Investigar | Castle Age |
| 17:05 | Construir | Watch Tower |
| 17:08 | Construir | Stone Wall |
| 17:15 | Construir | Stone Wall |
| 17:27 | Investigar | Gold Mining |
| 17:51 | Construir | Stable |
| 17:58 | Construir | Mining Camp |
| 18:28 | Construir | House |
| 18:29 | Construir | House |
| 19:00 | Crear | Scout Cavalry |
| 19:07 | Construir | Farm |
| 19:27 | Crear | Villager (Male) |
| 19:30 | Edad | Edad de los Castillos |
| 19:31 | Crear | Elephant Archer |
| 19:37 | Construir | Town Center |
| 19:41 | Crear | Shrivamsha Rider |
| 19:44 | Investigar | Bow Saw |
| 19:48 | Construir | Farm |
| 19:50 | Construir | Farm |
| 19:52 | Construir | Farm |
| 19:54 | Crear | Villager (Male) |
| 20:16 | Construir | Farm |
| 20:22 | Crear | Elephant Archer |
| 20:33 | Construir | Gate |
| 20:47 | Crear | Villager (Male) |
| 20:48 | Crear | Villager (Male) |
| 20:52 | Construir | Farm |
| 20:54 | Construir | Farm |
| 21:05 | Crear | Villager (Male) |
| 21:20 | Crear | Elephant Archer |
| 21:22 | Crear | Villager (Male) |
| 21:35 | Construir | Monastery |
| 21:45 | Crear | Villager (Male) |
| 21:55 | Construir | Stone Wall |
| 21:59 | Crear | Villager (Male) |
| 22:26 | Construir | University |
| 22:30 | Construir | Farm |
| 22:35 | Construir | Market |
| 23:53 | Investigar | Imperial Age |
| 23:55 | Crear | Villager (Male) |
| 24:08 | Construir | Farm |
| 24:16 | Construir | Farm |
| 24:16 | Construir | Farm |
| 24:23 | Crear | Monk |
| 24:25 | Construir | Farm |
| 24:37 | Investigar | Horse Collar |
| 24:57 | Investigar | Wheelbarrow |
| 25:01 | Construir | Farm |
| 25:01 | Construir | Farm |
| 25:11 | Crear | Elephant Archer |
| 25:15 | Crear | Monk |
| 25:24 | Crear | Villager (Male) |
| 25:28 | Construir | Farm |
| 25:29 | Construir | Farm |
| 25:37 | Construir | Farm |
| 25:46 | Construir | Farm |
| 25:47 | Crear | Villager (Male) |
| 25:55 | Crear | Scout Cavalry |
| 25:56 | Crear | Villager (Male) |
| 26:01 | Construir | Farm |
| 26:20 | Construir | Castle |
| 26:34 | Crear | Villager (Male) |
| 26:54 | Investigar | Bodkin Arrow |
| 26:59 | Crear | Elephant Archer |
| 27:00 | Crear | Villager (Male) |
| 27:03 | Edad | Edad Imperial |
| 27:11 | Crear | Monk |
| 27:16 | Construir | Mining Camp |
| 27:32 | Crear | Villager (Male) |
| 27:39 | Crear | Villager (Male) |
| 27:42 | Construir | Farm |
Build order — 空氣包
Primeras 150 de 583 acciones detectadas
| 0:00 | Crear | Villager (Male) |
| 0:01 | Crear | Villager (Male) |
| 0:04 | Investigar | Loom |
| 0:05 | Construir | House |
| 0:06 | Construir | House |
| 0:08 | Construir | House |
| 0:16 | Crear | Villager (Male) |
| 0:17 | Crear | Villager (Male) |
| 0:17 | Crear | Villager (Male) |
| 1:28 | Crear | Villager (Male) |
| 1:28 | Crear | Villager (Male) |
| 2:00 | Crear | Villager (Male) |
| 2:00 | Crear | Villager (Male) |
| 2:13 | Crear | Villager (Male) |
| 2:13 | Crear | Villager (Male) |
| 2:15 | Construir | Lumber Camp |
| 2:37 | Crear | Villager (Male) |
| 2:47 | Crear | Villager (Male) |
| 2:57 | Crear | Villager (Male) |
| 3:19 | Crear | Villager (Male) |
| 3:46 | Crear | Villager (Male) |
| 3:56 | Construir | House |
| 3:58 | Construir | House |
| 4:30 | Crear | Villager (Male) |
| 4:30 | Crear | Villager (Male) |
| 4:44 | Construir | House |
| 4:45 | Construir | House |
| 5:06 | Crear | Villager (Male) |
| 5:31 | Crear | Villager (Male) |
| 5:57 | Crear | Villager (Male) |
| 6:40 | Construir | Mining Camp |
| 6:44 | Crear | Villager (Male) |
| 7:01 | Investigar | Feudal Age |
| 7:44 | Construir | Barracks |
| 9:01 | Crear | Villager (Male) |
| 9:19 | Edad | Edad Feudal |
| 9:22 | Construir | Archery Range |
| 9:28 | Crear | Villager (Male) |
| 9:29 | Investigar | Double-Bit Axe |
| 9:40 | Construir | Watch Tower |
| 9:47 | Crear | Villager (Male) |
| 9:52 | Crear | Archer |
| 9:53 | Crear | Archer |
| 9:56 | Crear | Villager (Male) |
| 9:59 | Construir | Mining Camp |
| 10:22 | Crear | Villager (Male) |
| 10:50 | Crear | Archer |
| 10:51 | Crear | Villager (Male) |
| 10:55 | Construir | Mill |
| 10:58 | Crear | Villager (Male) |
| 11:03 | Construir | Blacksmith |
| 11:28 | Crear | Archer |
| 11:40 | Crear | Villager (Male) |
| 11:41 | Construir | House |
| 12:07 | Crear | Archer |
| 12:30 | Construir | Farm |
| 12:37 | Construir | Watch Tower |
| 12:43 | Crear | Villager (Male) |
| 12:45 | Investigar | Fletching |
| 12:52 | Construir | Farm |
| 12:55 | Construir | House |
| 13:21 | Crear | Villager (Male) |
| 13:23 | Construir | Farm |
| 13:25 | Construir | House |
| 13:31 | Crear | Archer |
| 13:31 | Crear | Archer |
| 13:52 | Crear | Villager (Male) |
| 13:54 | Construir | Farm |
| 14:11 | Crear | Villager (Male) |
| 14:12 | Crear | Archer |
| 14:20 | Crear | Villager (Male) |
| 14:31 | Construir | Mining Camp |
| 14:40 | Crear | Villager (Male) |
| 14:45 | Construir | Farm |
| 15:03 | Crear | Archer |
| 15:14 | Crear | Villager (Male) |
| 15:15 | Construir | Farm |
| 15:32 | Crear | Villager (Male) |
| 15:39 | Construir | Farm |
| 15:51 | Construir | Watch Tower |
| 16:04 | Crear | Villager (Male) |
| 16:06 | Construir | Farm |
| 16:19 | Crear | Archer |
| 16:19 | Crear | Archer |
| 16:21 | Crear | Villager (Male) |
| 16:22 | Investigar | Wheelbarrow |
| 16:26 | Construir | House |
| 16:39 | Construir | Farm |
| 16:41 | Construir | Farm |
| 17:03 | Crear | Archer |
| 17:15 | Crear | Villager (Male) |
| 17:17 | Construir | House |
| 17:22 | Crear | Villager (Male) |
| 17:30 | Construir | Outpost |
| 17:54 | Investigar | Town Watch |
| 17:56 | Construir | House |
| 17:56 | Construir | House |
| 18:24 | Construir | Farm |
| 18:35 | Investigar | Castle Age |
| 19:18 | Investigar | Gold Mining |
| 19:25 | Construir | Lumber Camp |
| 19:54 | Crear | Villager (Male) |
| 20:08 | Crear | Eagle Scout |
| 20:11 | Investigar | Horse Collar |
| 20:47 | Crear | Villager (Male) |
| 21:11 | Crear | Villager (Male) |
| 21:15 | Edad | Edad de los Castillos |
| 21:23 | Construir | Castle |
| 21:25 | Crear | Villager (Male) |
| 21:27 | Construir | Monastery |
| 21:32 | Investigar | Bow Saw |
| 21:40 | Construir | Town Center |
| 21:46 | Crear | Villager (Male) |
| 21:52 | Crear | Eagle Scout |
| 22:25 | Crear | Villager (Male) |
| 22:26 | Crear | Monk |
| 22:27 | Crear | Monk |
| 22:31 | Crear | Eagle Scout |
| 22:52 | Construir | Farm |
| 23:12 | Crear | Villager (Male) |
| 23:34 | Crear | Villager (Male) |
| 23:40 | Crear | Plumed Archer |
| 23:47 | Crear | Villager (Male) |
| 23:52 | Construir | Farm |
| 23:54 | Construir | Farm |
| 23:55 | Construir | Farm |
| 23:57 | Construir | Farm |
| 23:59 | Crear | Villager (Male) |
| 24:08 | Crear | Villager (Male) |
| 24:13 | Crear | Villager (Male) |
| 24:18 | Construir | Farm |
| 24:19 | Crear | Villager (Male) |
| 24:20 | Construir | Farm |
| 24:27 | Crear | Villager (Male) |
| 24:37 | Construir | Town Center |
| 24:39 | Crear | Villager (Male) |
| 24:41 | Crear | Monk |
| 25:01 | Crear | Villager (Male) |
| 25:04 | Construir | Farm |
| 25:05 | Construir | Farm |
| 25:08 | Construir | Farm |
| 25:09 | Construir | Farm |
| 25:13 | Crear | Villager (Male) |
| 25:43 | Crear | Villager (Male) |
| 25:43 | Crear | Villager (Male) |
| 25:43 | Crear | Villager (Male) |
| 25:43 | Crear | Villager (Male) |
| 25:46 | Construir | Farm |
| 25:48 | Construir | Farm |
| 25:57 | Crear | Villager (Male) |
Cronología de la partida
| 7:44 | 空氣包 · first_building Barracks |
| 9:19 | 空氣包 · age_up feudal |
| 9:22 | 空氣包 · first_building Archery Range |
| 9:42 | Richard Rahl · age_up feudal |
| 11:20 | Richard Rahl · first_building Barracks |
| 12:47 | Richard Rahl · wall_segment Stone Wall x1 |
| 13:11 | Richard Rahl · first_building Archery Range |
| 16:27 | Richard Rahl · wall_segment Stone Wall x1 |
| 16:38 | Richard Rahl · wall_segment Stone Wall x1 |
| 16:38 | Richard Rahl · wall_segment Stone Wall x1 |
| 16:42 | Richard Rahl · wall_segment Stone Wall x2 |
| 17:08 | Richard Rahl · wall_segment Stone Wall x1 |
| 17:15 | Richard Rahl · wall_segment Stone Wall x1 |
| 17:51 | Richard Rahl · first_building Stable |
| 19:30 | Richard Rahl · age_up castle |
| 21:15 | 空氣包 · age_up castle |
| 21:23 | 空氣包 · first_building Castle |
| 21:27 | 空氣包 · first_building Monastery |
| 21:35 | Richard Rahl · first_building Monastery |
| 21:55 | Richard Rahl · wall_segment Stone Wall x1 |
| 23:36 | Richard Rahl · first_market_sell 100 wood |
| 23:39 | Richard Rahl · first_market_buy 100 food |
| 26:20 | Richard Rahl · first_building Castle |
| 27:03 | Richard Rahl · age_up imperial |
| 30:08 | Richard Rahl · wall_segment Stone Wall x1 |
| 30:12 | 空氣包 · age_up imperial |
| 31:23 | Richard Rahl · first_building Siege Workshop |
| 32:58 | 空氣包 · first_market_buy 100 food |
| 35:20 | Richard Rahl · wall_segment Stone Wall x1 |
| 35:20 | Richard Rahl · wall_segment Stone Wall x3 |
| 35:21 | Richard Rahl · wall_segment Stone Wall x2 |
| 35:21 | Richard Rahl · wall_segment Stone Wall x2 |
| 35:21 | Richard Rahl · wall_segment Stone Wall x1 |
| 35:21 | Richard Rahl · wall_segment Stone Wall x2 |
| 35:22 | Richard Rahl · wall_segment Stone Wall x2 |
| 35:22 | Richard Rahl · wall_segment Stone Wall x1 |
| 43:17 | 空氣包 · first_market_sell 500 wood |
| 48:30 | Richard Rahl · resign |
[ ANÁLISIS IA · 1 CRÉDITO ]
¿Qué pasó realmente en esta partida?
Wolo.gg analiza cada decisión: build order, eco, micro, errores típicos por bracket. Análisis personalizado por WhatsApp o Discord en 30 segundos.
Guía civ
Gurjaras
Perfil
Richard Rahl